 Dungeon Crawl Stone Soup version 0.21.0 (webtiles) character file.

107088 Fuzzwah the Severer (level 15, 0/140 (141) HPs)
             Began as a Minotaur Berserker on Jan 8, 2018.
             Was the Champion of Trog.
             Killed from afar by a deep elf mage (24 damage)
             ... with a lance of force
             ... on level 1 of the Elven Halls on Jan 10, 2018.
             The game lasted 02:23:30 (22549 turns).

Fuzzwah the Severer (Minotaur Berserker)           Turns: 22549, Time: 02:23:31

HP:   0/140 (141)   AC: 24    Str: 23    XL:     15   Next: 99%
MP:   14/14         EV: 21    Int:  4    God:    Trog [******]
Gold: 1852          SH:  0    Dex: 20    Spells: 14/14 levels left

rFire    . . .     SeeInvis .   S - +6 hand axe of Exchange {chop, rF- rC++ MR++}
rCold    + + +     Gourm    .   (no shield)
rNeg     . . .     Faith    .   a - +0 plate armour {MR+}
rPois    .         Spirit   .   X - +2 hat
rElec    .         Reflect  .   O - +2 cloak
rCorr    .         Harm     .   t - +2 pair of gloves
MR       ++++.     Rnd*Rage +   k - +2 pair of boots
Stlth    ..........             e - amulet of regeneration
HPRegen  0.73/turn              G - ring of protection from fire
MPRegen  0.14/turn              W - ring of protection from cold

@: agile
A: retaliatory headbutt, horns 2, berserk 1, deformed body
a: Berserk, Trog's Hand, Brothers in Arms, Burn Spellbooks, Renounce Religion


You were on level 1 of the Elven Halls.
You worshipped Trog.
Trog was exalted by your worship.
You were not hungry.

You visited 5 branches of the dungeon, and saw 25 of its levels.
You also visited: Ice Cave.

You collected 3091 gold pieces.
You spent 1239 gold pieces at shops.

Inventory:

Hand Weapons
 s - the +8 frozen axe "Frostbite" {freezing cloud, *Noise +Fly rC+}
   (Trog gifted it to you on level 13 of the Dungeon)

   It has been specially enchanted to freeze those struck by it, causing extra
   injury to most foes and up to half again as much damage against particularly
   susceptible opponents.
   It can also slow down cold-blooded creatures.
   It protects you from cold.
   It lets you fly.
   It may make noises in combat.
 S - the +6 hand axe of Exchange (weapon) {chop, rF- rC++ MR++}
   (Trog gifted it to you on level 2 of the Orcish Mines)

   It inflicts extra damage upon your enemies.
   It makes you vulnerable to fire.
   It greatly protects you from cold.
   It affects your resistance to hostile enchantments.
Missiles
 b - 42 tomahawks (quivered)
 A - 2 throwing nets {!f}
Armour
 a - a +0 plate armour of magic resistance (worn)
   (You took it off an orc warrior on level 2 of the Orcish Mines)
 k - a +2 pair of boots (worn)
   (You found it on level 2 of the Dungeon)
 t - a +2 pair of gloves (worn)
   (You found it on level 3 of the Dungeon)
 O - a +2 cloak (worn)
   (You took it off Maurice on level 8 of the Dungeon)
 X - a +2 hat (worn)
   (You found it on level 14 of the Dungeon)
Jewellery
 e - an amulet of regeneration (around neck)
   (You found it on level 4 of the Lair of Beasts)
 G - a ring of protection from fire (left hand)
   (You found it on level 5 of the Lair of Beasts)
 W - a ring of protection from cold (right hand)
   (You found it in an ice cave)
Wands
 o - a wand of polymorph (28)
   (You took it off Terence on level 2 of the Dungeon)
 u - a wand of paralysis (43)
   (You found it on level 11 of the Dungeon)
 v - a wand of digging (12)
   (You found it on level 12 of the Dungeon)
 K - a wand of enslavement (49)
   (You found it on level 5 of the Dungeon)
Scrolls
 g - 3 scrolls of immolation {!r}
 h - 8 scrolls of teleportation {@r4}
 i - 5 scrolls of remove curse {@r2}
 l - 4 scrolls of magic mapping
 r - 4 scrolls of fear
 z - 9 scrolls of identify {@r1}
 J - 2 scrolls of blinking
 P - 2 scrolls of summoning
 T - 2 scrolls of fog
Potions
 j - 17 potions of curing {@q1}
 m - a potion of agility
 n - 2 potions of might
 p - 4 potions of haste {@q3}
 w - 5 potions of cancellation
 B - 2 potions of ambrosia
 E - 2 potions of resistance
 F - 6 potions of heal wounds {@q2}
 Q - 4 potions of lignification {!q}
 R - 2 potions of invisibility
Comestibles
 c - 43 rations


   Skills:
 + Level 15.3 Fighting
 * Level 20.3 Axes
   Level 3.0(14.0) Maces & Flails
 + Level 15.0 Armour
 + Level 13.9 Dodging
 - Level 1.0 Stealth
   Level 2.8 Shields


You had 14 spell levels left.
You didn't know any spells.

Dungeon Overview and Level Annotations

Branches:
Dungeon (15/15)            Temple (0/1) D:5            Lair (6/6) D:11
  Swamp (0/4) Lair:4       Spider (0/4) Lair:3        Slime (1/5) Lair:6
    Orc (2/2) D:12            Elf (1/3) Orc:2        Vaults (0/5) D:13
 Depths (0/5) D:15

Altars:
Ashenzari
Cheibriados
Elyvilon
Kikubaaqudgha
Nemelex Xobeh
Okawaru
Ru
Sif Muna
Uskayaw
Vehumet
Zin
Beogh
Jiyva

Shops:
D:11 %   D:13 [   D:14 %   D:15 [[(*!   Orc:2 ([(:

Annotations:
Lair:3 exclusion: 2 oklob plants


Innate Abilities, Weirdness & Mutations

You reflexively headbutt those who attack you in melee.
You have a pair of horns on your head.
You tend to lose your temper in combat.
Armour fits poorly on your strangely shaped body.


Message History

The deep elf archer unwields an uncursed short sword.
The deep elf archer wields an uncursed shortbow.
The deep elf archer shoots an arrow.
The arrow hits you!
A deep elf mage and a deep elf archer come into view.
You see here an arrow.
The deep elf mage shouts!
The deep elf knight casts a spell at you.
The stone arrow hits you!
The deep elf archer unwields an uncursed shortbow.
The deep elf archer wields an uncursed dagger.
The deep elf archer hits you with an uncursed dagger!
You slash the deep elf archer!
Your headbutt misses the deep elf archer.
The deep elf archer shoots an arrow.
The arrow closely misses you.
You hit the deep elf archer. You headbutt the deep elf archer!
The deep elf knight mumbles some strange words.
The deep elf knight seems to speed up.
The deep elf archer blinks!
A deep elf knight comes into view. It is wielding a scimitar.
The deep elf knight shouts!
The deep elf knight casts a spell at you.
The stone arrow hits you!
* * * LOW HITPOINT WARNING * * *
The deep elf archer shoots an arrow.
The arrow hits you.
* * * LOW HITPOINT WARNING * * *
The deep elf archer unwields an uncursed dagger.
The deep elf archer wields an uncursed shortbow.
The deep elf archer shoots an arrow.
The arrow closely misses you.
You see here an arrow.
The deep elf mage points at you and mumbles some strange words.
The lance of force misses you.
The deep elf knight hits you but does no damage.
You feel agile all of a sudden.
The deep elf archer shoots an arrow.
The arrow completely misses you.
You slash the deep elf knight!
The deep elf knight hits you but does no damage.
The deep elf archer shoots an arrow.
The arrow hits you.
* * * LOW HITPOINT WARNING * * *
The deep elf knight blocks your attack.
The deep elf knight gestures at you while chanting.
The stone arrow misses you.
You slash the deep elf knight! You headbutt the deep elf knight!
You miss the deep elf mage.
The deep elf archer shoots an arrow.
The arrow hits you!
* * * LOW HITPOINT WARNING * * *
The deep elf knight gestures at you while chanting.
The stone arrow hits you!
* * * LOW HITPOINT WARNING * * *
The deep elf mage gestures at you while chanting.
The lance of force hits you!
You die...

##..... ##.......
##........
#.........
+.........
#..e......
#e(.......
##+#####e........
##......@e########
##.......).#
#.......>..#
#..........#
#.$...e....#
##..^.....?#
##........#
##.......#
##......#


You could see 2 deep elf archers, 2 deep elf knights and a deep elf mage.

Vanquished Creatures
  Rupert (Lair:5)
  2 acid blobs (Slime:1)
  An azure jelly (Lair:6)
  An orc warlord (Orc:2)
  2 frost giants
  A death ooze (Slime:1)
  An ogre mage (D:13)
  A great orb of eyes (Slime:1)
  Erolcha (Orc:2)
  A vault guard (D:13)
  Harold (Lair:1)
  An ice dragon (Lair:6)
  6 hydras
  7 two-headed ogres
  Erica (D:8)
  5 centaur warriors
  A tengu warrior (D:13)
  Urug (D:12)
  2 orc high priests (Orc:2)
  6 death yaks
  A deep elf knight (Elf:1)
  5 unseen horrors
  2 orc knights (Orc:1)
  3 lindwurms (Lair:6)
  A wolf spider zombie (D:13)
  Pikel (D:8)
  3 deep elf magi
  6 ugly things
  2 orc sorcerers (Orc:2)
  A shining eye (Lair:6)
  2 manticores (D:13)
  8 cyclopes
  A centaur zombie (D:13)
  Maurice (D:8)
  4 black mambas
  Joseph (D:7)
  18 spiny frogs
  A gargoyle (D:13)
  5 torpor snails (Lair:6)
  2 kobold demonologists
  3 rime drakes
  A redback zombie (D:15)
  10 komodo dragons
  2 freezing wraiths
  10 trolls
  A tengu conjurer (D:13)
  A jumping spider (Lair:3)
  A harpy zombie (D:13)
  19 polar bears
  8 hornets
  3 tyrant leeches (Lair:6)
  5 dream sheep (Lair:6)
  Prince Ribbit (D:8)
  9 slime creatures
  10 hippogriffs
  6 blink frogs
  A vampire (D:13)
  2 centaur simulacra (D:14)
  65 yaks
  2 wyverns
  4 redbacks (Lair:3)
  2 wraiths
  4 basilisks
  A steam dragon (D:11)
  4 hungry ghosts
  2 vampire mosquitoes (D:12)
  3 wargs
  2 soldier ants
  Edmund (D:6)
  2 acid dragons (D:13)
  7 porcupines
  A soldier ant (shapeshifter) (Elf:1)
  7 water moccasins
  43 orc warriors
  Duvessa (D:6)
  5 ice beasts
  A necrophage (D:12)
  5 phantoms
  3 sky beasts
  20 ogres
  An eye of draining (D:12)
  5 black bears
  14 wolves
  8 centaurs
  A big kobold (D:8)
  7 crocodiles
  22 bullfrogs
  A gnoll sergeant (Orc:1)
  Dowan (D:6)
  5 scorpions
  11 killer bees
  The ghost of RedSky the Skirmisher, a weakling DsFi (D:3)
  12 wights
  A howler monkey (D:13)
  An electric eel (Lair:6)
  8 crimson imps
  5 hounds
  2 bullfrog zombies
  4 centaur skeletons
  2 bullfrog skeletons (D:6)
  3 jellies
  22 orc wizards
  34 orc priests
  4 iguanas
  Natasha (thrice) (D:3)
  8 worker ants
  Terence (D:2)
  2 hound zombies
  A worker ant zombie (D:5)
  11 gnolls
  17 adders
  4 shadow imps
  12 white imps (Orc:1)
  An ooze (D:1)
  3 adder skeletons
  2 worms
  3 dart slugs
  14 leopard geckos
  100 orcs
  A ball python (D:3)
  9 bats
  3 giant cockroaches
  18 goblins
  18 hobgoblins
  16 jackals
  4 quokkas
  10 frilled lizards
  A jackal skeleton (D:5)
  A jackal zombie (D:7)
  17 kobolds
  A leopard gecko zombie (D:7)
  4 rats
  3 fungi
  2 plants
854 creatures vanquished.

Vanquished Creatures (others)
  A hornet (Lair:6)
  4 fungi
  15 plants
20 creatures vanquished.

Grand Total: 874 creatures vanquished

Notes
Turn   | Place    | Note
-------+----------+-------------------------------------------
     0 | D:1      | Fuzzwah the Minotaur Berserker began the quest for the Orb.
     0 | D:1      | Reached XP level 1. HP: 19/19 MP: 0/0
    33 | D:1      | Reached skill level 4 in Axes
    33 | D:1      | Reached XP level 2. HP: 27/27 MP: 1/1
   143 | D:1      | Reached XP level 3. HP: 33/33 MP: 2/2
   237 | D:1      | Reached ** piety under Trog
   580 | D:2      | Reached XP level 4. HP: 29/41 MP: 3/3
   607 | D:2      | Reached skill level 5 in Axes
   872 | D:2      | Noticed Terence
   877 | D:2      | Killed Terence
  1099 | D:3      | Found a snail-covered altar of Cheibriados.
  1123 | D:3      | Reached XP level 5. HP: 43/47 MP: 4/4
  1150 | D:3      | Noticed RedSky's ghost (weakling DsFi)
  1159 | D:3      | Killed RedSky's ghost
  1403 | D:3      | Found a sparkling altar of Nemelex Xobeh.
  1424 | D:3      | Reached *** piety under Trog
  1426 | D:3      | Reached skill level 6 in Axes
  1461 | D:3      | Found a shattered altar of Ashenzari.
  1550 | D:3      | Noticed Natasha
  1553 | D:3      | Killed Natasha
  1594 | D:3      | Noticed Natasha
  1600 | D:3      | Killed Natasha
  1600 | D:3      | Reached XP level 6. HP: 44/55 MP: 5/5
  1768 | D:3      | Noticed Natasha
  1772 | D:3      | Killed Natasha
  1772 | D:3      | Reached skill level 1 in Shields
  2199 | D:4      | Reached **** piety under Trog
  2252 | D:4      | Reached skill level 7 in Axes
  2284 | D:4      | Reached skill level 5 in Fighting
  2284 | D:4      | Reached XP level 7. HP: 61/61 MP: 6/6
  2688 | D:5      | Entered Level 5 of the Dungeon
  2692 | D:5      | Reached skill level 8 in Axes
  2968 | D:5      | Reached ***** piety under Trog
  3117 | D:5      | Found a staircase to the Ecumenical Temple.
  3173 | D:5      | Reached XP level 8. HP: 70/70 MP: 7/7
  3277 | D:6      | Reached skill level 9 in Axes
  3313 | D:6      | Noticed Dowan
  3314 | D:6      | Noticed Duvessa
  3321 | D:6      | Killed Duvessa
  3327 | D:6      | Killed Dowan
  3327 | D:6      | Reached skill level 1 in Stealth
  3395 | D:6      | Reached skill level 5 in Armour
  3504 | D:6      | Reached skill level 5 in Dodging
  3640 | D:6      | Noticed Edmund
  3656 | D:6      | Killed Edmund
  3656 | D:6      | Reached skill level 10 in Axes
  3757 | D:6      | Found a hide-covered altar of Uskayaw.
  3764 | D:6      | Reached XP level 9. HP: 72/79 MP: 8/8
  4148 | D:7      | Noticed Joseph
  4189 | D:7      | Killed Joseph
  4951 | D:7      | Found an ancient bone altar of Kikubaaqudgha.
  5086 | D:8      | Found a radiant altar of Vehumet.
  5095 | D:8      | Reached skill level 1 in Maces & Flails
  5152 | D:8      | Noticed Prince Ribbit
  5168 | D:8      | Killed Prince Ribbit
  5243 | D:8      | Noticed a two-headed ogre
  5246 | D:8      | Noticed Erica
  5249 | D:8      | Killed a two-headed ogre
  5249 | D:8      | Reached skill level 11 in Axes
  5249 | D:8      | Reached XP level 10. HP: 63/90 MP: 9/9
  5262 | D:8      | Killed Erica
  5699 | D:8      | Received a gift from Trog
  5712 | D:8      | Found a glowing silver altar of Zin.
  5713 | D:8      | Found an iron altar of Okawaru.
  5720 | D:8      | Found a deep blue altar of Sif Muna.
  5839 | D:8      | Got a translucent ring mail
  5850 | D:8      | Identified the +5 ring mail of Polish {Str+2} (You found it on level 8 of the Dungeon)
  5901 | D:8      | Noticed Maurice
  5907 | D:8      | Killed Maurice
  5907 | D:8      | Reached skill level 12 in Axes
  6248 | D:8      | Noticed Pikel
  6254 | D:8      | Killed Pikel
  6419 | D:9      | Noticed a two-headed ogre
  6425 | D:9      | Killed a two-headed ogre
  6481 | D:9      | Reached XP level 11. HP: 84/99 MP: 10/10
  6491 | D:9      | Found a sacrificial altar of Ru.
  7360 | D:10     | Entered Level 10 of the Dungeon
  7409 | D:10     | Reached skill level 13 in Axes
  7456 | D:10     | Reached skill level 10 in Fighting
  7461 | D:10     | Killed an unseen horror
  7919 | D:11     | Received a gift from Trog
  7929 | D:11     | Reached skill level 10 in Armour
  8313 | D:11     | Reached skill level 14 in Axes
  8324 | D:11     | Noticed a brown ugly thing
  8331 | D:11     | Killed a brown ugly thing
  8391 | D:11     | Found Mofie's Food Shoppe.
  8695 | D:11     | Found a staircase to the Lair.
  8808 | Lair:1   | Entered Level 1 of the Lair of Beasts
  9022 | Lair:1   | Reached XP level 12. HP: 107/110 MP: 11/11
  9189 | Lair:1   | Noticed Harold
  9199 | Lair:1   | Killed Harold
  9363 | Lair:1   | Noticed a seven-headed hydra
  9369 | Lair:1   | Killed an eight-headed hydra
  9518 | Lair:1   | Got an iridescent great mace
  9519 | Lair:1   | Identified the cursed +3 great mace of Dinumagei {crush, MP+9} (You found it on level 1 of the Lair of Beasts)
 10037 | Lair:2   | Reached skill level 10 in Dodging
 10521 | Lair:3   | Reached skill level 15 in Axes
 10565 | Lair:3   | Found a hole to the Spider Nest.
 11503 | Lair:3   | Reached ****** piety under Trog
 11988 | Lair:4   | Reached skill level 16 in Axes
 12051 | Lair:4   | Noticed a five-headed hydra
 12058 | Lair:4   | Killed an eight-headed hydra
 12058 | Lair:4   | Reached XP level 13. HP: 118/118 MP: 12/12
 12234 | Lair:4   | Found a staircase to the Swamp.
 12602 | Lair:5   | Noticed Rupert
 12607 | Lair:5   | Paralysed by Rupert for 6 turns
 12619 | Lair:5   | Killed Rupert
 13186 | Lair:6   | Entered Level 6 of the Lair of Beasts
 13229 | Lair:6   | Received a gift from Trog
 13366 | Lair:6   | Reached skill level 17 in Axes
 13442 | Lair:6   | Found a staircase to the Slime Pits.
 13443 | Lair:6   | Found a viscous altar of Jiyva.
 13746 | Lair:6   | Paralysed by a hornet for 2 turns
 13779 | Lair:6   | Found a runed door.
 13801 | Lair:6   | Paralysed by a hornet for 1 turns
 13803 | Lair:6   | Paralysed by a hornet for 3 turns
 14338 | Lair:6   | Paralysed by a hornet for 1 turns
 14662 | D:12     | Reached XP level 14. HP: 129/129 MP: 4/13
 14813 | D:12     | Found a staircase to the Orcish Mines.
 14818 | D:12     | Received a gift from Trog
 14902 | D:12     | Found the +8 glaive of the Guard {elec, +Rage AC+5 SInv}
 15138 | D:12     | Noticed Urug
 15148 | D:12     | Killed Urug
 15465 | Orc:1    | Entered Level 1 of the Orcish Mines
 15515 | Orc:1    | Reached skill level 18 in Axes
 15524 | Orc:1    | Found a frozen archway.
 15567 | IceCv    | Entered an ice cave
 15972 | IceCv    | Noticed a frost giant
 16000 | IceCv    | Killed a frost giant
 16045 | IceCv    | Found the +3 hat of Pondering {ponderous, MR+ MP+10 Int+5}
 16737 | Orc:1    | Found a roughly hewn altar of Beogh.
 17025 | Orc:2    | Entered Level 2 of the Orcish Mines
 17039 | Orc:2    | Found a staircase to the Elven Halls.
 17162 | Orc:2    | Received a gift from Trog
 17163 | Orc:2    | Got a steaming hand axe {god gift}
 17165 | Orc:2    | Noticed an orc warlord
 17185 | Orc:2    | Killed an orc warlord
 17204 | Orc:2    | Found Eshuwath's Antique Weapon Emporium.
 17338 | Orc:2    | Found Rintir's Antique Armour Shoppe.
 17339 | Orc:2    | Found a roughly hewn altar of Beogh.
 17353 | Orc:2    | Bought an encrusted chain mail for 209 gold pieces
 17363 | Orc:2    | Identified the +6 chain mail "Cubuok" {Str+4 Int+2} (You bought it in a shop on level 2 of the Orcish Mines)
 17363 | Orc:2    | Identified the +6 hand axe of Exchange {chop, rF- rC++ MR++} (Trog gifted it to you on level 2 of the Orcish Mines)
 17449 | Orc:2    | Noticed Erolcha
 17461 | Orc:2    | Killed Erolcha
 17610 | Orc:2    | Found a roughly hewn altar of Beogh.
 17694 | Orc:2    | Found a roughly hewn altar of Beogh.
 17710 | Orc:2    | Found Wik Zyty's Antique Weapon Emporium.
 17721 | Orc:2    | Bought a polished hand axe for 232 gold pieces
 17721 | Orc:2    | Identified the +5 hand axe "Lifebane" {protect, rC+ MR- Dex+2} (You bought it in a shop on level 2 of the Orcish Mines)
 17824 | Orc:2    | Received a gift from Trog
 17887 | Orc:2    | Paralysed by an orc sorcerer for 3 turns
 17942 | Orc:2    | Reached skill level 19 in Axes
 17942 | Orc:2    | Reached XP level 15. HP: 130/139 MP: 4/14
 18213 | Orc:2    | Found a roughly hewn altar of Beogh.
 18214 | Orc:2    | Found Ofeel Refa's Book Shop.
 18258 | Orc:2    | Found a roughly hewn altar of Beogh.
 18856 | D:13     | Received a gift from Trog
 18857 | D:13     | Found the +8 frozen axe "Frostbite" {freezing cloud, *Noise +Fly rC+}
 18985 | D:13     | Found Sotog's Armour Shop.
 18994 | D:13     | Bought the +1 scale mail of the Merchant {rElec rCorr Int-4 Dex+4} for 286 gold pieces
 19542 | D:13     | Found a gate to the Vaults.
 19730 | D:13     | Identified Emawad's Incunabulum of Transmigration and Calling
 19779 | D:14     | Found Dysiwn's Food Emporium.
 20014 | D:14     | Received a gift from Trog
 20468 | D:15     | Entered Level 15 of the Dungeon
 20489 | D:15     | Found a white marble altar of Elyvilon.
 20528 | D:15     | Reached skill level 15 in Fighting
 20564 | D:15     | Found Rabor's Distillery.
 20572 | D:15     | Bought a potion of heal wounds for 70 gold pieces
 20572 | D:15     | Bought a potion of heal wounds for 70 gold pieces
 20572 | D:15     | Bought a potion of curing for 42 gold pieces
 20613 | D:15     | Found Qyuhuonist's General Store.
 20620 | D:15     | Bought 2 potions of haste for 220 gold pieces
 20620 | D:15     | Bought a potion of resistance for 110 gold pieces
 20692 | D:15     | Found Woarod's Antique Weapon Shop.
 20732 | D:15     | Found Fuotasy's Armour Shoppe.
 20807 | D:15     | Found Tetes's Antique Armour Emporium.
 21077 | D:15     | Found a staircase to the Depths.
 21077 | D:15     | Noticed a frost giant
 21084 | D:15     | Killed a frost giant
 21094 | D:15     | Reached skill level 20 in Axes
 21703 | Slime:1  | Entered Level 1 of the Pits of Slime
 21714 | Slime:1  | Lost intelligence.
 21729 | Slime:1  | Noticed an acid blob
 21734 | Slime:1  | Killed an acid blob
 21735 | Slime:1  | Noticed an azure jelly
 21736 | Slime:1  | Noticed an acid blob
 21739 | Slime:1  | Gained mutation: You tend to lose your temper in combat. [a shining eye]
 22160 | Slime:1  | Killed an acid blob
 22160 | Slime:1  | Reached skill level 15 in Armour
 22163 | Lair:6   | Gained mutation: Armour fits poorly on your strangely shaped body. [a shining eye]
 22166 | Lair:6   | Killed an azure jelly
 22491 | Elf:1    | Entered Level 1 of the Elven Halls
 22549 | Elf:1    | Killed from afar by a deep elf mage

Skill      XL: |  1  2  3  4  5  6  7  8  9 10 11 12 13 14 15 |
---------------+----------------------------------------------+-----
Axes           | 4 5 6 7 8 10 11 12 14 16 17 19 20 | 20.3
Fighting       | 4 5 7 8 9 11 12 13 14 15 | 15.3
Dodging        | 3 4 5 7 8 9 10 11 12 13 | 13.9
Armour         | 3 4 6 7 9 10 11 12 14 15 | 15.0
Shields        | 2 |  2.8
Stealth        | 1 |  1.0
Maces & Flails | 3 |  3.0

Action                   |  1- 3 |  4- 6 |  7- 9 | 10-12 | 13-15 || total
-------------------------+-------+-------+-------+-------+-------++-------
Melee: Hand axe          |    68 |   162 |   193 |       |    67 ||   490
       Headbutt          |     9 |    21 |    68 |    87 |   207 ||   392
       Dire flail        |       |       |   116 |       |       ||   116
       Battleaxe         |       |       |     9 |   386 |    74 ||   469
       Executioner's axe |       |       |       |       |   738 ||   738
       Glaive            |       |       |       |       |    41 ||    41
Invok: Berserk           |       |     4 |     5 |     3 |    15 ||    27
  Use: Scroll            |     1 |     9 |    13 |    12 |     9 ||    44
       Potion            |       |       |     2 |     1 |     8 ||    11
  Eat: Ration            |       |     2 |     2 |     5 |     6 ||    15
       Chunk             |       |       |    10 |     5 |    30 ||    45
Armor: Animal skin       |    14 |       |       |       |       ||    14
       Ring mail         |       |    44 |       |   146 |   246 ||   436
       Chain mail        |       |    10 |   164 |    12 |   184 ||   370
       Acid dragon scale |       |       |       |       |    22 ||    22
       Scale mail        |       |       |       |       |     9 ||     9
       Plate armour      |       |       |       |       |     2 ||     2
Dodge: Dodged            |    49 |    83 |   132 |   304 |   911 ||  1479
Block: Buckler           |     8 |    27 |    27 |       |       ||    62
